 Dungeon Crawl Stone Soup version 0.19-a0-1903-gead39cf (webtiles) character file.

23 LORDOFBUTT the Sneak (level 2, -2/13 HPs)
             Began as a Spriggan Enchanter on Oct 20, 2016.
             Slain by a worm (12 damage)
             ... on level 1 of the Dungeon.
             The game lasted 00:00:44 (574 turns).

LORDOFBUTT the Sneak (Spriggan Enchanter)            Turns: 574, Time: 00:00:45

Health: -2/13      AC:  3    Str:  4    XL:     2   Next: 72%
Magic:  6/6        EV: 18    Int: 16    God:
Gold:   40         SH:  0    Dex: 16    Spells: 1 memorised, 5 levels left

rFire  . . .     SeeInvis +     a - +1 dagger
rCold  . . .     Gourm    .     b - +1 robe
rNeg   . . .     Faith    .     (shield restricted)
rPois  .         Spirit   .     (helmet restricted)
rElec  .         Reflect  .     (no cloak)
rCorr  .         Harm     .     (gloves unavailable)
MR     .....                    (boots unavailable)
Stlth  +++.......               (no amulet)
                                (no ring)
                                e - ring of wizardry

@: very quick
A: unfitting armour, see invisible, herbivore 3, speed 3, slow metabolism 2
a: no special abilities


You were on level 1 of the Dungeon.
You were not hungry.

You visited 1 branch of the dungeon, and saw 1 of its levels.

You collected 40 gold pieces.

Inventory:

Hand Weapons
 a - a +1 dagger (weapon)
Armour
 b - a +1 robe (worn)
Jewellery
 e - a ring of wizardry (left hand)
Scrolls
 i - a scroll of identify {unknown}
Potions
 f - a potion of curing {unknown}
 g - a potion of resistance {unknown}
 h - a potion of berserk rage {unknown}
Books
 c - a book of Maledictions

   Spells                             Type                      Level
   a - Corona                         Hexes                        1
   b - Ensorcelled Hibernation        Hexes/Ice                    2
   c - Confuse                        Hexes                        3
   d - Tukima's Dance                 Hexes                        3
   e - Dazzling Spray                 Conjuration/Hexes            3
Comestibles
 d - a bread ration


   Skills:
 + Level 1.2 Short Blades
 + Level 3.2 Dodging
 * Level 4.9 Stealth
 + Level 2.7 Spellcasting
 + Level 4.3 Hexes


You had 5 spell levels left.
You knew the following spells:

 Your Spells              Type           Power        Failure   Level  Hunger
a - Corona                Hex            ###....      1%          1    #......


Dungeon Overview and Level Annotations

Branches:
Dungeon (1/15)

Altars:


Innate Abilities, Weirdness & Mutations

You are very small and have problems with some larger weapons.
You are too small for most types of armour.
You have supernaturally acute eyesight. (SInv)
You are a herbivore.
You cover ground extremely quickly.
You need consume almost no food.


Message History

The leopard gecko is heavily wounded.
The leopard gecko barely misses you.
You hit the leopard gecko but do no damage.
The leopard gecko is heavily wounded.
The leopard gecko barely misses you.
You hit the leopard gecko.
The leopard gecko is severely wounded.
The leopard gecko bites you. The leopard gecko misses you.
You hit the leopard gecko.
You kill the leopard gecko!
No target in view!
Things that are here:
a dagger; a goblin skeleton A worm comes up the stairs.
A worm is nearby!
A worm is nearby!
There is a stone staircase leading down here.
You hit the worm but do no damage. The worm bites you!
Ouch! That really hurt!
You die...

...................###.# #.#
..#####..#.##########.#.### #.#
#.# #..#.# #.....###..# #.# .#
#..#.# #.####...#.# #.# #.##
#..#.# #.###......# #.# ...#
#..#.# #.##.......# #.# #..#
#..#.#####.#......†.# #.#
#......#...#.....)..# #.#
###.##......@........## #.# #..
...........##w..#...## #.# ..#
########..###>#.##### ##.# ###
#...##.#.#### #..# #
#...........# #.##
############..###(#.#..## #.#
...............#..###...######.##
############..###.#[#...........#
###.)....................


You could see a worm.

Vanquished Creatures
  2 dart slugs (D:1)
  2 leopard geckos (D:1)
  A ball python (D:1)
  A bat (D:1)
  4 goblins (D:1)
  2 frilled lizards (D:1)
  2 kobolds (D:1)
  3 rats (D:1)
17 creatures vanquished.

Notes
Turn   | Place    | Note
-------+----------+-------------------------------------------
     0 | D:1      | LORDOFBUTT the Spriggan Enchanter began the quest for the Orb.
     0 | D:1      | Reached XP level 1. HP: 9/9 MP: 5/5
    58 | D:1      | Reached XP level 2. HP: 4/13 MP: 6/6
   574 | D:1      | Slain by a worm

Vault maps used:
D:1:      scummos_arrival_forest, minmay_heptomino_h4

Skill      XL: |  1 |
---------------+----+-----
Hexes          | 4 |  4.3
Short Blades   | |  1.2
Dodging        | |  3.2
Stealth        | |  4.9
Spellcasting   | |  2.7

Action                   || total
-------------------------++-------
Melee: Dagger            ||    72
 Stab: Sleeping          ||     3
Armor: Robe              ||    11
Dodge: Dodged            ||    60
